Map: Ultralove

Players

SKillous

  • Race: Protoss Protoss
  • League: Grandmaster
  • Spawn Location: 7:00

gumiho - Winner!

  • Race: Terran Terran
  • Spawn Location: 1:00

Event: HomeStory Cup XXVI

VOD

Have the link to the VOD?

Description

Time

  • Played on: Nov. 29, 2024, 6:16 a.m.
  • Length: 9:26

All games in this series

Show
View Real Time Build Order
Export as new Build Order

SKillous Protoss 

Build Orders: 1 Gate Expand, Phoenix Opening, Blink Stalkers 

Get SALT Encoding   

  12  0:00  Probe  
  13  0:12  Probe  
  14  0:17  Pylon  
  14  0:24  Probe  
  15  0:32  Probe  
  15  0:38  Gateway  
  15  0:40  Probe  
  16  0:46  Assimilator  
  17  0:50  Probe  
  18  1:03  Probe  
  19  1:18  Nexus  
  19  1:27  Cybernetics Core  
  19  1:30  Probe  
  20  1:35  Assimilator  
  20  1:42  Probe  
  20  1:47  Pylon  
  21  1:53  Stalker  
  21  1:55  Probe  
  22  2:05  Warp Gate  
  22  2:07  Probe  
  25  2:16  Sentry  
  25  2:19  Probe  
  26  2:26  Probe  
  29  2:34  Shield Battery, Probe x2  
  30  2:37  Twilight Council  
  30  2:40  Stalker  
  33  2:46  Phoenix, Probe  
  33  2:48  Probe  
  35  2:53  Blink  
  35  2:58  Probe  
  35  2:59  Gateway  
  35  3:01  Probe  
  37  3:10  Probe  
  38  3:13  Probe  
  39  3:22  Probe, Pylon  
  39  3:25  Probe  
  41  3:35  Probe  
  41  3:37  Gateway  
  41  3:38  Probe  
  43  3:42  Gateway  
  43  3:45  Pylon  
  43  3:49  Probe  
  43  3:54  Stalker x2  
  48  3:59  Gateway  
  49  4:06  Pylon  
  48  4:13  Pylon  
  48  4:21  Stalker  
  48  4:22  Probe x2  
  50  4:33  Stalker  
  50  4:34  Probe x2  
  50  4:37  Stalker x2  
  58  4:39  Pylon  
  58  4:45  Assimilator  
  58  4:46  Sentry  
  58  4:50  Nexus, Probe  
  61  4:55  Stalker  
  61  4:59  Stalker  
  65  5:00  Stalker  
  65  5:03  Stalker  
  65  5:04  Probe  
  65  5:07  Pylon  
  70  5:18  Probe  
  70  5:20  Stalker  
  70  5:21  Probe  
  66  5:30  Stalker  
  66  5:31  Probe  
  66  5:33  Probe  
  52  5:43  Probe  
  52  5:45  Probe  
  52  5:48  Stalker  
  52  5:49  Zealot x2  
  53  5:53  Probe  
  54  5:57  Probe  
  54  6:01  Probe  
  55  6:08  Probe  
  55  6:09  Probe  
  57  6:16  Probe  
  58  6:18  Nexus  
  58  6:21  Probe  
  58  6:24  Sentry, Probe  
  63  6:34  Probe  
  63  6:36  Stalker, Probe  
  67  6:41  Stalker  
  67  6:46  Probe  
  70  6:47  Probe  
  71  6:55  Probe  
  71  6:58  Charge, Probe  
  73  7:03  Probe  
  73  7:04  Stalker x2  
  73  7:07  Pylon  
  78  7:19  Pylon  
  78  7:22  Probe  
  78  7:23  Pylon  
  78  7:25  Probe  
  78  7:28  Stalker x2  
  78  7:29  Sentry  
  86  7:30  Probe  
  86  7:31  Probe  
  88  7:38  Forge, Probe  
  88  7:40  Probe  
  88  7:44  Probe  
  91  7:45  Pylon  
  91  7:50  Sentry, Probe  
  94  7:51  Shield Battery  
  94  7:52  Zealot, Probe  
  94  7:56  Probe  
  98  7:59  Robotics Facility  
  98  8:02  Probe  
  98  8:05  Zealot x2  
  101  8:10  Zealot  
  103  8:25  Stalker x4  
  109  8:31  Probe x2  
  109  8:32  Pylon  
  111  8:34  Gateway, Pylon, Probe  
  112  8:41  Zealot  
  112  8:43  Probe  
  113  8:50  Zealot x4  
  113  8:51  Probe  
  115  8:59  Probe  
  116  9:07  Zealot  
  94  9:10  Gateway  
  94  9:12  Zealot x4  
  94  9:13  Gateway  
Show
View Real Time Build Order
Export as new Build Order

gumiho Terran - Winner!

Build Orders: Cyclone Opening, Gas First Reaper Expand 

Get SALT Encoding   

  12  0:00  SCV  
  13  0:12  SCV  
  14  0:16  Supply Depot  
  14  0:24  SCV  
  15  0:29  Refinery  
  15  0:38  SCV  
  16  0:44  Barracks  
  16  0:50  SCV  
  17  1:02  SCV  
  18  1:14  SCV  
  19  1:30  Orbital Command  
  19  1:31  Reaper  
  20  1:40  Command Center  
  20  1:51  Factory  
  20  1:55  SCV  
  20  2:00  Refinery  
  21  2:05  Barracks Reactor  
  21  2:08  SCV  
  22  2:11  Supply Depot  
  22  2:20  SCV  
  23  2:33  SCV  
  23  2:36  Starport  
  24  2:38  Factory Tech Lab  
  24  2:41  Marine  
  24  2:42  Marine  
  26  2:45  SCV  
  27  2:52  Orbital Command  
  27  2:58  Cyclone  
  30  3:00  SCV  
  30  3:02  Marine  
  30  3:05  Marine  
  33  3:13  SCV  
  33  3:16  Medivac  
  33  3:18  Supply Depot  
  36  3:20  SCV  
  36  3:24  Marine x2  
  39  3:27  SCV  
  39  3:33  SCV  
  41  3:39  SCV  
  41  3:40  Siege Tank  
  45  3:44  Supply Depot  
  45  3:45  SCV, Marine  
  47  3:49  Marine  
  47  3:51  SCV  
  47  3:54  Supply Depot  
  49  3:56  Starport Reactor  
  49  3:57  SCV  
  49  3:58  Viking  
  52  4:11  SCV x2  
  54  4:22  Marine x2  
  54  4:23  SCV  
  54  4:24  SCV  
  55  4:30  Supply Depot, Viking  
  57  4:32  Siege Tank  
  57  4:35  SCV  
  57  4:36  SCV, Barracks  
  62  4:43  Marine, Refinery  
  62  4:44  Marine  
  64  4:47  SCV  
  64  4:48  SCV  
  66  4:59  SCV  
  67  5:01  SCV, Marine x2  
  70  5:08  Engineering Bay x2  
  70  5:11  SCV  
  70  5:12  Siege Tank  
  70  5:13  SCV  
  75  5:19  Marine x2, Bunker  
  75  5:23  SCV  
  75  5:25  SCV  
  72  5:35  SCV  
  72  5:37  Terran Infantry Weapons Level 1, Marine x2  
  72  5:41  SCV  
  67  5:44  Siege Tank  
  67  5:53  SCV x2  
  67  5:55  Marine x2  
  67  5:56  Barracks Tech Lab  
  71  5:59  Barracks  
  71  6:05  Barracks  
  71  6:06  Supply Depot, Barracks  
  71  6:07  Terran Infantry Armor Level 1  
  71  6:09  Refinery  
  71  6:10  SCV x2  
  73  6:13  Marine x2  
  73  6:15  Supply Depot  
  73  6:16  Stimpack  
  73  6:17  Supply Depot  
  75  6:22  SCV  
  75  6:23  SCV  
  77  6:25  Supply Depot  
  77  6:27  Siege Tank  
  77  6:28  Missile Turret  
  77  6:30  Marine x2  
  77  6:31  Marine  
  77  6:32  Starport Reactor  
  83  6:35  SCV x2  
  85  6:47  SCV  
  86  6:49  Command Center  
  86  6:53  SCV  
  87  6:59  SCV  
  87  7:01  Supply Depot  
  88  7:03  Supply Depot, Barracks Tech Lab, Marauder, Barracks Reactor  
  88  7:05  SCV  
  91  7:09  Missile Turret  
  91  7:10  Supply Depot, Combat Shield, Factory Reactor  
  91  7:11  SCV, Medivac  
  91  7:14  Medivac  
  96  7:17  Marauder  
  96  7:18  Marine  
  99  7:24  Marauder  
  99  7:25  Marauder  
  99  7:28  Armory  
  103  7:35  Marine  
  104  7:37  Marine  
  104  7:39  Marauder  
  104  7:40  Marine  
  104  7:41  Marine  
  109  7:45  Marauder  
  109  7:46  Marauder  
  109  7:48  Widow Mine x2  
  117  7:55  Marine  
  118  8:00  Marauder  
  118  8:01  Concussive Shells  
  118  8:03  SCV x2  
  122  8:07  Marauder  
  122  8:08  Marauder  
  126  8:14  Widow Mine x2  
  126  8:15  SCV x2  
  131  8:26  Medivac x2  
  135  8:29  Supply Depot  
  135  8:30  SCV x2  
  135  8:32  Marine x2  
  135  8:33  Marauder  
  141  8:39  Marine x2, Marauder  
  143  8:48  Marauder, Widow Mine  
  147  8:54  Marauder  
  144  8:59  SCV  
  144  9:00  Orbital Command  
  144  9:01  Marauder  
  147  9:15  Supply Depot  
  149  9:17  Supply Depot  
Tags
 
Add a new tag
Caveats
  • Supply blocks, unpowered buildings, or Contaminate may cause inaccurate times.
  • Supply counts are checked every 10 seconds.